Map: Moonlight Madness LE (Void)

Players

Toons - Winner!

  • Race: Terran Terran
  • League: Silver

Dollface

  • Race: Zerg Zerg
  • League: Bronze

VOD

Have the link to the VOD?

Description

Time

  • Played on: Aug. 4, 2015, 8:14 p.m.
  • Length: 17:35
Show
View Real Time Build Order
Export as new Build Order

Toons Terran - Winner!

Build Orders: Reaper Expand, MMM Bio 

Get SALT Encoding   

  12  0:01  SCV  
  13  0:13  SCV  
  14  0:18  Supply Depot  
  14  0:25  SCV  
  15  0:39  SCV  
  15  0:41  Barracks  
  16  0:46  Refinery  
  16  0:51  SCV  
  17  1:03  SCV  
  18  1:19  SCV  
  19  1:25  Supply Depot  
  19  1:32  Reaper  
  20  1:50  SCV  
  20  1:52  Command Center  
  21  1:54  Refinery  
  21  2:04  Barracks  
  21  2:20  Barracks  
  21  2:26  Marine  
  21  2:52  Marine  
  21  2:53  SCV, Marine  
  24  3:07  Engineering Bay  
  24  3:10  Barracks Tech Lab  
  24  3:11  Barracks Reactor  
  24  3:12  Barracks Reactor  
  24  3:20  SCV  
  25  3:28  Orbital Command  
  25  3:30  Marine  
  26  3:36  SCV  
  27  3:48  Marine  
  28  3:54  Supply Depot  
  28  3:56  SCV  
  28  4:01  SCV  
  30  4:06  Marine  
  30  4:07  Marauder  
  30  4:08  Marine  
  34  4:16  Bunker  
  34  4:19  SCV x2  
  36  4:25  Stimpack  
  36  4:28  Marine x2  
  38  4:32  SCV  
  39  4:41  Bunker  
  39  4:43  Marauder  
  41  4:53  Supply Depot  
  41  4:54  SCV x2  
  43  5:01  Terran Infantry Weapons Level 1  
  43  5:06  Marine x2  
  45  5:07  Marine  
  45  5:08  Marine  
  45  5:12  SCV  
  48  5:20  Factory  
  48  5:23  SCV  
  48  5:27  Orbital Command  
  49  5:46  Marine x2  
  49  5:47  SCV  
  52  5:59  SCV  
  52  6:02  SCV  
  54  6:09  Barracks  
  54  6:11  SCV, Barracks  
  54  6:14  Starport  
  54  6:16  Factory Reactor  
  54  6:18  Marine x3  
  56  6:19  Marauder, Marine  
  56  6:21  SCV  
  62  6:26  Refinery  
  62  6:27  Refinery  
  62  6:29  Supply Depot  
  62  6:31  Supply Depot  
  62  6:33  Combat Shields  
  62  6:34  Supply Depot  
  62  6:44  Missile Turret  
  62  6:47  Missile Turret  
  62  6:51  SCV x2, Marauder  
  65  7:03  SCV x2  
  65  7:07  Supply Depot  
  67  7:12  Barracks Reactor, Barracks Tech Lab  
  67  7:13  Marine x3  
  67  7:14  Marine  
  67  7:15  SCV, Marauder  
  74  7:16  Widow Mine x2  
  78  7:28  Supply Depot x2, Medivac  
  80  7:43  Marine x2  
  80  7:44  Marine x2  
  82  7:45  Marauder  
  82  7:50  Supply Depot, Marauder  
  88  7:53  Marine x2  
  90  8:03  Starport Reactor  
  90  8:12  Marine x4  
  93  8:13  Marine x2  
  93  8:14  Marauder x2  
  93  8:15  Widow Mine x2  
  104  8:21  Concussive Shells  
  104  8:23  Terran Infantry Armor Level 1  
  104  8:24  SCV x2  
  106  8:32  Supply Depot  
  106  8:36  Supply Depot  
  106  8:48  Medivac x2  
  110  8:54  Marauder x2, Marine x3  
  117  9:10  Marine x3  
  117  9:15  Marauder x2  
  124  9:18  Medivac  
  124  9:19  Armory  
  126  9:25  Command Center  
  126  9:27  Supply Depot x2  
  126  9:28  Supply Depot  
  126  9:30  Supply Depot  
  126  9:48  Medivac, Marine x3  
  126  9:49  Marauder  
  133  10:01  Marine  
  133  10:02  Marine x2  
  133  10:03  Marauder  
  133  10:04  Widow Mine x2  
  142  10:10  Marauder  
  142  10:13  SCV  
  145  10:24  Marauder  
  104  10:43  Marine x2  
  104  10:44  Marine x5  
  104  10:45  Marine  
  112  10:54  SCV x2  
  114  11:00  Missile Turret  
  114  11:08  Missile Turret x2  
  114  11:09  Missile Turret  
  114  11:13  Marine x3  
  114  11:14  Marine x3  
  114  11:15  Marauder x2  
  114  11:16  Missile Turret  
  114  11:17  Missile Turret  
  124  11:19  Missile Turret  
  124  11:20  Missile Turret  
  124  11:22  Missile Turret  
  124  11:24  Missile Turret  
  124  11:26  Missile Turret  
  124  11:31  Reaper  
  124  11:32  Reaper  
  126  11:33  Hellbat  
  126  11:34  Hellbat  
  130  11:41  Missile Turret  
  130  11:51  Liberator  
  130  11:52  Liberator  
  130  11:58  Marine x2  
  130  11:59  Marine x4  
  136  12:07  Marine x2  
  138  12:14  Orbital Command  
  144  12:17  Marauder x2  
  148  12:36  Liberator x2  
  148  12:50  Marine x3  
  148  12:51  Marauder, Marine  
  152  12:52  Marauder  
  162  12:59  Refinery  
  162  13:03  Command Center  
  162  13:05  Marine  
  162  13:06  Marine  
  162  13:08  Marine  
  162  13:10  Terran Vehicle And Ship Armor Level 1, Terran Infantry Weapons Level 2  
  165  13:13  Marauder x2  
  165  13:15  Engineering Bay  
  169  13:25  Refinery  
  171  13:34  Marauder  
  171  13:49  Marine  
  171  13:50  Marine  
  173  14:05  Marine  
  98  14:13  Marine x3  
  98  14:14  Marauder x2, Marine  
  88  14:27  Marine x2  
  88  14:28  Widow Mine x2  
  88  14:30  Liberator x2  
  87  14:36  Marauder x2  
  91  14:45  Marine x3  
  96  14:57  Marauder x2  
  70  15:40  Marine x4  
  70  15:41  Marauder x2  
  77  15:50  Marine x2  
  79  15:58  Marine  
  80  16:17  Orbital Command  
  80  16:19  Marine x3  
  80  16:20  Marine x5  
  83  16:37  Marine x4  
  87  16:52  Marine x3  
  87  16:53  Marine  
Show
View Real Time Build Order
Export as new Build Order

Dollface Zerg 

Build Orders: Hatch First, Muta Ling Bane 

Get SALT Encoding   

  12  0:09  Drone x2  
  14  0:16  Overlord  
  14  0:34  Drone  
  15  0:36  Drone  
  16  0:54  Hatchery  
  15  0:58  Drone x2  
  17  1:09  Drone  
  18  1:14  Extractor  
  17  1:22  Spawning Pool  
  16  1:27  Drone x2  
  18  1:37  Drone  
  19  1:54  Drone  
  20  2:08  Queen  
  20  2:11  Queen  
  20  2:13  Zergling x6  
  27  2:20  Drone  
  27  2:22  Overlord  
  28  2:50  Spine Crawler  
  28  3:07  Extractor  
  27  3:13  Baneling Nest  
  27  3:15  Drone x2  
  27  3:17  Drone  
  27  3:18  Drone x3  
  32  3:22  Metabolic Boost  
  32  3:34  Drone  
  32  3:36  Drone  
  32  3:41  Zergling x4  
  35  3:45  Overlord x3  
  36  3:58  Lair  
  36  4:06  Drone x3  
  36  4:07  Drone x2  
  41  4:41  Drone x5  
  41  4:42  Drone  
  47  4:47  Baneling x4  
  47  4:48  Baneling  
  47  4:52  Zergling x2  
  48  4:53  Zergling x18  
  57  5:11  Spire  
  56  5:14  Evolution Chamber  
  56  5:18  Evolution Chamber  
  56  5:20  Drone x6  
  60  5:25  Extractor  
  60  5:26  Extractor  
  58  5:29  Centrifical Hooks  
  58  5:41  Zerg Ground Armor Level 1  
  58  5:44  Drone, Zerg Melee Weapons Level 1  
  58  5:45  Drone  
  58  5:47  Overlord x3  
  58  5:48  Overlord x2  
  60  5:55  Baneling x4  
  60  6:22  Queen  
  62  6:26  Drone  
  62  6:27  Drone x3  
  66  6:38  Mutalisk  
  66  6:39  Mutalisk x4  
  76  6:49  Hatchery  
  60  7:07  Zergling x2  
  60  7:08  Zergling x24  
  73  7:24  Mutalisk x2  
  73  7:25  Mutalisk  
  79  7:43  Zerg Flyer Weapons Level 1  
  79  7:44  Mutalisk  
  79  7:45  Mutalisk x2  
  79  7:51  Zergling x14  
  92  8:01  Queen  
  94  8:16  Mutalisk x3  
  100  8:25  Drone x6  
  106  8:29  Overlord x4  
  106  8:53  Baneling x8  
  106  8:54  Baneling x4  
  106  9:24  Mutalisk x5  
  106  9:26  Zergling x2  
  106  9:27  Zergling x30  
  132  9:42  Drone x2  
  132  9:43  Drone  
  131  10:13  Baneling x3  
  131  10:14  Baneling x3  
  107  10:39  Zergling x2  
  107  10:40  Zergling x34  
  76  11:15  Extractor  
  76  11:16  Extractor  
  74  11:21  Hydralisk Den  
  73  11:26  Infestation Pit  
  73  11:30  Spore Crawler  
  69  11:37  Baneling x3  
  69  11:38  Baneling x3  
  69  11:39  Mutalisk x4, Baneling  
  71  11:40  Mutalisk x5  
  87  11:48  Drone x2  
  87  11:49  Drone x5  
  92  12:04  Overseer  
  90  12:09  Overseer x3  
  90  12:15  Hydralisk  
  90  12:16  Hydralisk x5  
  90  12:17  Hydralisk  
  90  12:18  Zergling x2  
  90  12:19  Zergling x30  
  118  12:37  Spine Crawler  
  117  12:52  Zergling x2  
  117  12:53  Zergling x2  
  117  12:54  Hydralisk x5  
  117  12:56  Zergling x2  
  130  13:03  Overlord x6  
  130  13:04  Overlord  
  130  13:14  Baneling x2  
  130  13:15  Baneling x5  
  130  13:16  Baneling x5  
  130  13:22  Hydralisk x2  
  130  13:23  Hydralisk x4  
  142  13:33  Drone x2  
  144  13:34  Drone  
  144  13:35  Drone  
  140  13:58  Overseer  
  88  14:31  Mutalisk x4  
  87  14:32  Mutalisk x5, Lurker Den  
  87  14:34  Zergling x4  
  97  15:10  Queen  
  63  15:41  Mutalisk x5  
  73  15:58  Overlord  
  73  16:07  Lurker x4  
  67  16:58  Mutalisk  
Tags
 
Add a new tag
Caveats
  • Supply blocks, unpowered buildings, or Contaminate may cause inaccurate times.
  • Supply counts are checked every 10 seconds.